Unix NetHack Version 5.0.0-0 post-release - last build May 23 2026 06:08:33 (1c0ff79ee797540d5714e4e18072db0edd9e58ae,branch:main).

Game began 2026-05-28 03:11:11, ended 2026-05-28 16:53:31.

Brudee, neutral female human Tourist

                                --
                              ---.   |  --   -----                  ---
                              |....---...-- --.|..                  ..|
  ----                        |........0..........   ----  ----     ..|
  |..|            ----         ....................0--..| --..| ----..--
  |..--           |..---            ...... .............---...---.|>...--
 --...|          --....---            ##.-       -........0.....^.).....--
 |..-.|        ---.......---------------#-----------....h.........%......--
 |....---      |.....--%......)).<..h....(......a.a.....a@...+............|
 |......--     |....----...------------....--#-------.....................----
 ----.-..--------.---  |...--      |.......|0      --..---...................|
    |..-......| --     |..).---    |.......#-----  |.....|..........--.......-
    |...-----^|        ---....--------..........---|.........---.|.-- --......|
    |..-|   |.|        ---.........................|-........-------     .-----
  ---...|   |.---    ---...--....-----------.|.---.----.|....j|          --
  |....--   |...| ----.*.---|.....-        .-----...| ----....|
  |....-   ---..---......----......|           |....-    -....-
  --....|  -........|.........--..--           |.....|  |......
   |....| |.....----|.....---------            --....|  --...-#.
   ---.-- --.----   ---..--                     ------   ----- #-
      --   ---        ----
Brudee the Excursionist     St:15 Dx:8 Co:25 In:13 Wi:9 Ch:16  Neutral S:5198
Dlvl:6  $:107 HP:0(61) Pw:22(22) AC:2  Xp:7/1212 T:5726 

Latest messages:
 What do you want to zap? [fHIU or ?*] ?
 In what direction? h
 The sleep ray hits the fire ant.
 The sleep ray hits the fire ant.
 The sleep ray hits the fire ant.
 The hobbit picks up a black gem.
 You hit the fire ant!
 The hobbit picks up a crossbow.
 You hit the fire ant.
 You knock the fire ant backward with a forceful strike!
 The immobile fire ant seems to flinch.
 The hobbit picks up a hooded cloak.
 The hobbit puts on a hooded cloak.
 a - 2 +2 darts (at the ready) (21 in total).
 The hobbit picks up a crude short sword.
 You kill the fire ant!
 You hit the fire ant!
 You knock the fire ant backward with a powerful strike!
 The fire ant bumps into a fire ant.
 You see here a spellbook of create monster.
 You kill the fire ant!
 You hit the fire ant!
 You hit the fire ant!
 You knock the fire ant backward with a forceful strike!
 You hit the fire ant!
 You knock the fire ant backward with a forceful blow!
 What do you want to zap? [fHIU or ?*] ?
 In what direction? h
 The sleep ray hits the fire ant.
 The sleep ray misses the killer bee.
 The sleep ray hits the dwarf lady.
 The killer bee misses!
 The killer bee stings!
 You kill the fire ant!
 The dwarf lady wields a pick-axe!
 The killer bee stings!
 Your lamp called NORMAL seems about to go out.
 You kill the killer bee!
 The killer bee misses!
 The killer bee stings!
 You miss the killer bee.
 The dwarf lady swings her pick-axe.
 The dwarf lady hits!
 The dwarf lady swings her pick-axe.
 The dwarf lady hits again!
 The killer bee stings!
 The killer bee stings!
 You die...
 Do you want your possessions identified? [ynq] (y) y
 Do you want to see your attributes? [ynq] (y) q

Inventory:
 Coins    ('$')
  $ - 107 gold pieces
 Amulets  ('"')
  S - an uncursed amulet of change
 Weapons  (')')
  D - 7 poisoned +0 crossbow bolts
  A - 9 blessed +2 darts
  a - 21 +2 darts (at the ready)
  F - the rustproof +2 Ogresmasher (weapon in right hand)
  J - the blessed rustproof +2 Trollsbane (alternate weapon; not wielded)
 Armor    ('[')
  P - an uncursed +0 dwarvish iron helm (being worn)
  R - an uncursed +0 pair of low boots (being worn)
  x - an uncursed +0 shield of shock resistance (being worn)
  Y - an uncursed +0 cloak of protection (being worn)
  n - an uncursed +0 Hawaiian shirt with a hula dancer motif (being worn)
 Comestibles  ('%')
  h - 2 uncursed slime molds
  X - an uncursed carrot
  q - a blessed eucalyptus leaf
  b - 2 uncursed food rations
  c - 2 uncursed fortune cookies
  g - 4 uncursed lembas wafers
  d - an uncursed sprig of wolfsbane
  z - an uncursed tin of szechuan coyote meat
  j - 2 uncursed eggs
 Scrolls  ('?')
  B - a cursed scroll of identify
 Rings    ('=')
  Z - an uncursed +2 ring of adornment
  E - an uncursed ring of conflict
  u - an uncursed -1 ring of increase accuracy
  v - an uncursed ring of levitation
  K - an uncursed ring of polymorph control
  M - an uncursed ring of polymorph control
  m - a blessed +1 ring of protection (on right hand)
 Wands    ('/')
  I - a wand of opening (0:4)
  H - a wand of sleep (0:4)
  U - a wand of teleportation (0:6)
  f - a wand of undead turning (0:4)
 Tools    ('(')
  i - an uncursed sack containing 14 items
  G - a cursed bag of tricks (0:16)
  p - an uncursed credit card
  o - an expensive camera (0:85)
  C - an uncursed oil lamp (lit)
  L - an uncursed towel
  O - a +0 unicorn horn
 Gems/Stones  ('*')
  e - an uncursed worthless piece of blue glass
  r - 4 uncursed worthless pieces of white glass

Contents of the sack:
  799 gold pieces
  an uncursed scroll of charging
  an uncursed scroll of confuse monster
  an uncursed scroll of destroy armor
  an uncursed scroll of earth
  an uncursed scroll of enchant armor
  an uncursed scroll of fire
  a blessed scroll of magic mapping
  3 uncursed scrolls of teleportation
  an uncursed potion of enlightenment
  an uncursed potion of see invisible
  2 uncursed potions of sleeping
  a potion of holy water
  an uncursed worthless piece of violet glass

Brudee the Tourist's attributes:

Background:
 You were an Excursionist, a level 7 female human Tourist.
 You were neutral, on a mission for The Lady
 who was opposed by Blind Io (lawful) and Offler (chaotic).
 You were right-handed.
 You were in the Gnomish Mines, on level 6.
 You entered the dungeon 5726 turns ago.
 You had 1212 experience points, 68 more were needed to attain level 8.
 Your score was 5198 before end-of-game adjustments.

Basics:
 You had 0 out of 61 hit points.
 You had all 22 energy points (spell power).
 Your armor class was 2.
 Your wallet contained 107 zorkmids, and
 you had 799 more stashed away in your pack.
 Autopickup was on for '$!=+?/"' plus thrown.

Final Characteristics:
 Your strength was 15 (limit:18/100).
 Your dexterity was 8 (limit:18).
 Your constitution was 25 (base:18, innate limit:18).
 Your intelligence was 13 (limit:18).
 Your wisdom was 9 (limit:18).
 Your charisma was 16 (limit:18).

Final Status:
 You weren't hungry.
 You were unencumbered.
 You were wielding a hammer.
 You had basic skill with hammer.

Final Attributes:
 You were piously aligned.
 You were shock resistant.
 Your items were protected from electric shocks.
 You were telepathic.
 You had a small defense bonus (+1).
 You were protected.
 You are dead.

Miscellaneous:
 You didn't encounter any bones levels.
 Total elapsed playing time was 1 hour, 21 minutes and 36 seconds.

Major events:
 Turn
    1: Brudee the neutral female human Tourist entered the dungeon
  521: entered the Gnomish Mines
 1451: attained the rank of Sightseer (level 3)
 1793: stole 5876 zorkmids worth of merchandise from Kipawa's general store
 2590: attained the rank of Excursionist (level 6)
 2923: reached Mine Town
 3555: was bestowed with Trollsbane by The Lady
 4249: was bestowed with Ogresmasher by The Lady
 5726: killed by a killer bee

Spells:
 Name                 Level Category     Fail Retention
 chain lightning        2   attack       100%  76%-100%
 create monster         2   clerical     100%  76%-100%

Skills:
 Fighting Skills
   bare handed combat [Unskilled]
   two weapon combat  [Unskilled]
   riding             [Unskilled]
 Weapon Skills
   dagger             [Unskilled]
   knife              [Unskilled]
   axe                [Basic]
   pick-axe           [Unskilled]
   short sword        [Unskilled]
   broadsword         [Unskilled]
   long sword         [Unskilled]
   two-handed sword   [Unskilled]
   saber              [Unskilled]
   mace               [Unskilled]
   morning star       [Basic]
   flail              [Unskilled]
   hammer             [Basic]
   quarterstaff       [Unskilled]
   polearms           [Unskilled]
   spear              [Unskilled]
   trident            [Unskilled]
   lance              [Unskilled]
   bow                [Unskilled]
   sling              [Unskilled]
   crossbow           [Unskilled]
   dart               [Skilled]
   shuriken           [Unskilled]
   boomerang          [Unskilled]
   whip               [Unskilled]
   unicorn horn       [Unskilled]
 Spellcasting Skills
   divination spells  [Unskilled]
   enchantment spells [Unskilled]
   escape spells      [Unskilled]

Voluntary challenges:
 Character rerolling was not enabled.
 You never genocided any monsters.
 You never polymorphed an object.
 You never changed form.
 You used no wishes.
Achievements:
 You entered the Gnomish Mines.
 You entered a shop.
 You attained the rank of Sightseer.
 You attained the rank of Excursionist.
 You entered Minetown.

 The Dungeons of Doom: levels 1 to 6
    Level 1:
    Level 2:
       Some fountains.
    Level 3:
       A general store, an altar to The Lady.
       Stairs down to The Gnomish Mines.
    Level 4:
       A potion shop, a fountain, a sink.
    Level 5:
       A general store, a fountain.
    Level 6:
 The Gnomish Mines: levels 4 to 7
    Level 4:
    Level 5:
    Level 6: "WHITE UNICORN" <- You were here.
       Final resting place for
          you, killed by a killer bee.
    Level 7:
       An altar, some fountains.


Vanquished creatures:
 an elven monarch
  a small mimic
  a giant beetle
  a leprechaun
 an iron piercer
  a white unicorn
  a dust vortex
  3 fire ants
  2 rock moles
  a yellow light
  a shrieker
  a violet fungus
  9 gnome leaders
  6 giant ants
  a floating eye
  a kitten
  7 dwarves
  a kobold shaman
  a rothe
  a centipede
  a Kop Sergeant
  3 dwarf zombies
  a werejackal
 an iguana
  a killer bee
  2 acid blobs
  2 hobbits
  2 giant rats
  a brown mold
  2 yellow molds
  a red mold
 24 gnomes
  4 Keystone Kops
  2 gnome zombies
  3 geckos
  7 jackals
  2 foxes
  a kobold
  a goblin
  4 sewer rats
 14 grid bugs
  4 bats
  6 lichens
  3 newts
134 creatures vanquished.

No species were genocided or became extinct.

Game over:
                       ----------
                      /          \
                     /    REST    \
                    /      IN      \
                   /     PEACE      \
                  /                  \
                  |      Brudee      |
                  |      906 Au      |
                  |   killed by a    |
                  |    killer bee    |
                  |                  |
                  |                  |
                  |       2026       |
                 *|     *  *  *      | *
        _________)/\\_//(\/(/\)/\//\/|_)_______

Aloha Brudee the Tourist...

You died in The Gnomish Mines on dungeon level 6 with 5198 points,
and 906 pieces of gold, after 5726 moves.
You were level 7 with a maximum of 61 hit points when you died.

